 Dungeon Crawl Stone Soup version 0.22-a0-396-g3f858e3 (webtiles) character file.

116 JeffiDaFish the Digger (level 5, 0/28 HPs)
             Began as a Gargoyle Earth Elementalist on May 4, 2018.
             Slain by mattiecakes's ghost (1 damage)
             ... on level 3 of the Dungeon.
             The game lasted 00:04:51 (2622 turns).

JeffiDaFish the Digger (GrEE)                       Turns: 2622, Time: 00:04:51

Health: 0/28       AC:  6    Str: 11    XL:     5   Next: 0%
Magic:  1/10       EV: 12    Int: 17    God:
Gold:   109        SH:  0    Dex: 10    Spells: 1/10 levels left

rFire    . . .     SeeInvis .   a - +0 spear
rCold    . . .     Gourm    .   (no shield)
rNeg     + . .     Faith    .   c - +0 robe
rPois    ∞         Spirit   .   (no helmet)
rElec    +         Reflect  .   (no cloak)
rCorr    .         Harm     .   (no gloves)
MR       .....                  (no boots)
Stlth    ++........             (no amulet)
HPRegen  0.09/turn              (no ring)
MPRegen  0.12/turn              (no ring)

@: very slightly contaminated
A: negative energy resistance 1, electricity resistance, unbreathing,
petrification resistance, rot immunity, AC +4
a: no special abilities


You were on level 3 of the Dungeon.
You were not hungry.

You visited 1 branch of the dungeon, and saw 3 of its levels.

You collected 109 gold pieces.

Inventory:

Hand Weapons
 a - a +0 spear (weapon)
Missiles
 b - 34 stones (quivered)
Armour
 c - a +0 robe (worn)
Scrolls
 g - 2 scrolls of identify
Potions
 e - 2 potions of curing
Comestibles
 d - 6 rations
 f - 3 chunks of flesh


   Skills:
 - Level 2.0 Dodging
 - Level 2.1 Stealth
 + Level 3.4 Spellcasting
   Level 0.7 Transmutations
 + Level 5.2 Earth Magic


You had one spell level left.
You knew the following spells:

 Your Spells              Type           Power        Failure   Level  Hunger
a - Sandblast             Erth           ###...       1%          1    None
b - Stone Arrow           Conj/Erth      ##....       17%         3    ###....
c - Lee's Rapid Deconstr  Erth           ###.......   50%         5    ######.


Dungeon Overview and Level Annotations

Branches:
Dungeon (3/15)

Altars:

Annotations:
D:3 mattiecakes's ghost, novice HaHu


Innate Abilities, Weirdness & Mutations

You are resistant to torment.
Your stone body is resilient. (AC +4)
You are immune to poison.
You resist negative energy. (rN+)
You are resistant to electric shocks. (rElec)
You can survive without breathing.
You are immune to petrification.
You are immune to rotting.


Message History

Mattiecakes's ghost hits you but does no damage.
The orc hits you but does no damage. Mattiecakes's ghost hits you.
You closely miss mattiecakes's ghost.
Mattiecakes's ghost is lightly damaged.
The orc hits you with a dagger.
* * * LOW HITPOINT WARNING * * *
Mattiecakes's ghost whirls a spectral sling over its head.
Mattiecakes's ghost hits you.
* * * LOW HITPOINT WARNING * * *
Some of the chunks of flesh in your inventory have rotted away.
The orc hits you with a dagger.
* * * LOW HITPOINT WARNING * * *
Mattiecakes's ghost hits you but does no damage.
The orc hits you but does no damage. Mattiecakes's ghost barely misses you.
The orc misses you. Mattiecakes's ghost hits you.
* * * LOW HITPOINT WARNING * * *
The orc completely misses you.
Mattiecakes's ghost hits you but does no damage.
The orc hits you but does no damage. Mattiecakes's ghost hits you.
You die...

..# ########## ..##
#.#<.......##....
#.#....)......#
#.#.......r...#
#.#......ooo..#
#.#...#.##o##.#
####.#.###.##o# #
#....#.. ..##@#
#..$.########W#
#.............#
#...###.......####.
+...'..............#
#...###.......######
#... #.......# ####
#.......# #.......#


You could see an orc priest, an orc wizard, mattiecakes's ghost, 3 orcs and a
rat.

Vanquished Creatures
  Natasha (D:2)
  2 adders (D:2)
  2 gnolls (D:1)
  A worm (D:2)
  2 leopard geckos (D:1)
  A giant cockroach (D:2)
  5 goblins
  8 hobgoblins
  4 jackals (D:3)
  4 kobolds
  2 quokkas
  8 bats
  2 frilled lizards (D:1)
  5 rats (D:1)
47 creatures vanquished.

Notes
Turn   | Place    | Note
-------+----------+-------------------------------------------
     0 | D:1      | JeffiDaFish the Gargoyle Earth Elementalist began the quest for the Orb.
     0 | D:1      | Reached XP level 1. HP: 10/10 MP: 3/3
   300 | D:1      | Reached skill level 4 in Earth Magic
   300 | D:1      | Reached XP level 2. HP: 15/15 MP: 3/5
   450 | D:1      | Reached XP level 3. HP: 19/19 MP: 6/6
  1023 | D:1      | Learned a level 3 spell: Stone Arrow
  1189 | D:2      | Noticed Natasha
  1202 | D:2      | Killed Natasha
  1202 | D:2      | Reached XP level 4. HP: 6/24 MP: 0/8
  1734 | D:2      | Reached skill level 5 in Earth Magic
  2393 | D:3      | Reached XP level 5. HP: 27/28 MP: 1/10
  2561 | D:3      | Noticed mattiecakes's ghost (novice HaHu)
  2576 | D:3      | Learned a level 5 spell: Lee's Rapid Deconstruction
  2620 | D:3      | HP: 1/28 [mattiecakes's ghost (4)]
  2622 | D:3      | Slain by mattiecakes's ghost

Vault maps used:
D:1:      dpeg_arrival_chambers_temple_mockup
D:2:      lemuel_upstairs_altar, first_ration, grunt_decor_cap, uniq_natasha
D:3:      uniq_jessica, uniq_grinder

Skill      XL: |  1  2  3  4 |
---------------+-------------+-----
Earth Magic    | 4 5 |  5.2
Dodging        | 2 |  2.0
Spellcasting   | 3 |  3.4
Stealth        | |  2.1
Transmutations | |  0.7

Action                   |  1- 3 |  4- 6 || total
-------------------------+-------+-------++-------
Melee: Unarmed           |     7 |       ||     7
       Spear             |    48 |    69 ||   117
 Cast: Sandblast         |    18 |    13 ||    31
       Stone Arrow       |     2 |     6 ||     8
  Use: Scroll            |     3 |       ||     3
       Potion            |     2 |       ||     2
 Stab: Sleeping          |     6 |     2 ||     8
  Eat: Chunk             |     1 |     5 ||     6
Armor: Robe              |    11 |    18 ||    29
Dodge: Dodged            |    26 |    53 ||    79

Table legend:
 A = Spawn XP
 B = Non-spawn XP
 C = Spawn XP percentage of total XP
 D = Spawn monster count
 E = Non-spawn monster count
 F = Spawn count percentage of total count
 G = Total turns spent on level
                    A         B        C        D         E        F      G
               +---------+---------+-------+---------+---------+-------+---------
         Total |       0 |     166 |   0.0 |       0 |      47 |   0.0 |  2622
               +---------+---------+-------+---------+---------+-------+---------
           D:1 |       0 |      61 |   0.0 |       0 |      23 |   0.0 |  1028
           D:2 |       0 |      92 |   0.0 |       0 |      17 |   0.0 |  1330
           D:3 |       0 |      13 |   0.0 |       0 |       7 |   0.0 |   264
               +---------+---------+-------+---------+---------+-------+---------
